 Dungeon Crawl Stone Soup version 0.29.1-2-gbd0b4ee654 (webtiles) character file.

Game seed: 4300187980490057112

25 mortz the Digger (level 3, 0/19 HPs)
             Began as a Kobold Earth Elementalist on Nov 12, 2022.
             Succumbed to a kobold's poison
             ... on level 1 of the Dungeon.
             The game lasted 00:02:31 (409 turns).

mortz the Digger (Kobold Earth Elementalist)         Turns: 409, Time: 00:02:31

Health: 0/19       AC:  2    Str:  5    XL:     3   Next: 17%
Magic:  4/6        EV: 15    Int: 18    God:
Gold:   11         SH:  0    Dex: 15    Spells: 6/7 levels left

rFire   . . .      SeeInvis .   f - +0 dagger
rCold   . . .      Faith    .   (no shield)
rNeg    . . .      Spirit   .   a - +0 robe
rPois   .          Reflect  .   (no helmet)
rElec   .          Harm     .   (no cloak)
rCorr   .          Rampage  .   (no gloves)
Will    .....                   (no boots)
Stlth   +++.......              (no amulet)
HPRegen 0.06/turn               (no ring)
MPRegen 0.10/turn               (no ring)

@: lethally poisoned (0 -> 0)
A: small, no large weapons, nightstalker 3
a: no special abilities


You were on level 1 of the Dungeon.
You visited 1 branch of the dungeon, and saw 1 of its levels.

You collected 11 gold pieces.

Inventory:

Hand Weapons
 c - a +0 hand axe
 f - a +0 dagger (weapon)
 i - a +0 spear
Missiles
 j - 2 poisoned darts
Armour
 a - a +0 robe (worn)
Magical Staves
 d - a staff of air
Scrolls
 e - a scroll of torment {unknown}
 g - a scroll of noise {unknown}
 h - a scroll of butterflies {unknown}
Potions
 b - a potion of magic


   Skills:
 + Level 2.9 Dodging
 + Level 2.9 Stealth
 + Level 2.5 Spellcasting
 + Level 1.0 Transmutations
 + Level 3.5 Earth Magic


You had 6 spell levels left.
You knew the following spells:

 Your Spells              Type           Power      Damage    Failure   Level
a - Sandblast             Erth           30%        2d9       4%          1

Your spell library contained the following spells:

 Spells                   Type           Power      Damage    Failure   Level
 Passwall                 Tmut/Erth      8%         N/A       10%         2
 Stone Arrow              Conj/Erth      16%        3d8       24%         3
 Ignite Poison            Fire/Tmut/Pois 3%         N/A       41%         3
 Conjure Flame            Conj/Fire      2%         6-21      45%         3
 Petrify                  Tmut/Erth      10%        N/A       54%         4
 Sticky Flame             Conj/Fire      2%         2d3       86%         4


Dungeon Overview and Level Annotations

Branches:
Dungeon (1/15) Zot: 5584

Altars:


Innate Abilities, Weirdness & Mutations

You are small and have problems with some larger weapons.
You are completely attuned to the shadows.


Message History

You puncture the hobgoblin!
You kill the hobgoblin!
The goblin shouts!
The kobold shouts!
You hit the goblin.
The goblin is moderately wounded.
The goblin misses you.
You hit the goblin.
You kill the goblin!
The kobold closely misses you.
The blast of sand hits the kobold.
The kobold is moderately wounded.
The kobold throws a poisoned dart.
The poisoned dart hits you!
You are poisoned.
The kobold barely misses you.
The blast of sand hits the kobold but does no damage.
The kobold is moderately wounded.
You feel very sick.
The kobold throws a poisoned dart.
The poisoned dart hits you!
You are lethally poisoned!
The blast of sand hits the kobold.
You kill the kobold!
You feel very sick.
You feel very sick.
There is a stone staircase leading down here.
You feel sick.
Items here: ( ) [ †.
i - a +0 spear;
j - 2 poisoned darts
* * * LOW HITPOINT WARNING * * *
You feel sick.
Okay, then.
* * * LOW HITPOINT WARNING * * *
You feel sick.
Okay, then.
* * * LOW HITPOINT WARNING * * *
You feel sick.
* * * LOW HITPOINT WARNING * * *
You feel sick.
* * * LOW HITPOINT WARNING * * *
You feel sick.
You die...

........###.....
................
.......)....##.#
#...)........##..
#.#.#
#............
#.#.#
#>...###.###.
#.#.###[...# #.#
#. #.#........#
#.# #.
#.@........#
#.###.
###.###.#.##
#..... #.# #.#.#
######
#.###.#.###### #
#............# #
.##.####.####
......†.....##
.....####..#..
.......##.#.##


There were no monsters in sight!

Vanquished Creatures
  A gnoll (D:1)
  A dart slug (D:1)
  A ball python (D:1)
  2 goblins (D:1)
  A hobgoblin (D:1)
  3 jackals (D:1)
  A quokka (D:1)
  A bat (D:1)
  A kobold (D:1)
12 creatures vanquished.

Notes
Turn   | Place    | Note
-------+----------+-------------------------------------------
     0 | D:1      | mortz the Kobold Earth Elementalist began the quest for the
                  | Orb.
     0 | D:1      | Reached XP level 1. HP: 10/10 MP: 3/3
   202 | D:1      | Reached XP level 2. HP: 12/15 MP: 0/5
   290 | D:1      | Reached XP level 3. HP: 18/19 MP: 0/6
   409 | D:1      | Succumbed to a kobold's poison

Illustrated notes

Levels and vault maps discovered:
D:1:      saegor_arrival_simple_e, layout_loops_ring,
          shapermc_ecumenical_altar_flowoftime, kennysheep_pointless_box,
          minmay_misc_feat_doors

Action                   || total
-------------------------++-------
Melee: Dagger            ||     6
 Cast: Sandblast         ||    16
 Stab: Sleeping          ||     1
Armor: Robe              ||     1
Dodge: Dodged            ||    14
